 Dungeon Crawl Stone Soup version 0.20-a0-971-g5896763 (webtiles) character file.

136 Gorglomux the Chopper (level 5, -1/57 HPs)
             Began as a Formicid Warper on Apr 8, 2017.
             Slain by an adder (3 damage)
             ... on level 3 of the Dungeon.
             The game lasted 00:04:53 (3115 turns).

Gorglomux the Chopper (Formicid Warper)             Turns: 3115, Time: 00:04:54

Health: -1/57      AC: 22    Str: 16    XL:     5   Next: 43%
Magic:  8/8        EV:  2    Int: 12    God:
Gold:   151        SH:  0    Dex: 11    Spells: 8/8 levels left

rFire    . . .     SeeInvis .   a - +0 hand axe
rCold    . . .     Gourm    .   (no shield)
rNeg     + + +     Faith    .   (armour currently unavailable)
rPois    +         Spirit   .   (helmet unavailable)
rElec    .         Reflect  .   (cloak currently unavailable)
rCorr    .         Harm     .   (gloves currently unavailable)
MR       .....                  (boots currently unavailable)
Stlth    +.........             (no amulet)
Regen    0.2/turn               (no ring)
MPRegen  0.2/turn               (no ring)

@: lethally poisoned (-1 -> -14), tree-form
A: permanent stasis, dig shafts and tunnels, four strong arms, (antennae 0)
a: no special abilities


You were on level 3 of the Dungeon.
You were not hungry.
You were a tree.
You visited 1 branch of the dungeon, and saw 3 of its levels.

You collected 151 gold pieces.

Inventory:

Hand Weapons
 a - a +0 hand axe (weapon)
Missiles
 e - 5 tomahawks of dispersal (quivered)
 R - 6 tomahawks
Armour
 b - a +0 leather armour (melded)
 O - a +0 buckler
Jewellery
 Q - an uncursed amulet of harm {unknown}
Scrolls
 B - a scroll of blinking
 D - 4 scrolls of identify {unknown}
 E - a scroll of teleportation {unknown}
 G - a scroll of enchant armour {unknown}
 K - a scroll of random uselessness {unknown}
 M - a scroll of magic mapping {unknown}
 S - 2 scrolls of remove curse {unknown}
 U - a scroll of amnesia {unknown}
 V - a scroll of enchant weapon {unknown}
Potions
 H - a potion of lignification
 P - a potion of brilliance {unknown}
Books
 c - a book of Spatial Translocations

   Spells                             Type                      Level
   a - Blink                          Translocation                2
   b - Shroud of Golubria             Charms/Translocation         2
   c - Lesser Beckoning               Translocation                3
   d - Gell's Gravitas                Translocation                3
   e - Teleport Other                 Translocation                3
   f - Passage of Golubria            Translocation                4
Comestibles
 f - 2 bread rations
 L - a meat ration
 W - a chunk of flesh


   Skills:
 - Level 2.1 Fighting
 + Level 5.2 Axes
 - Level 1.0 Throwing
 - Level 1.1 Armour
 - Level 1.7 Dodging
 - Level 2.1 Spellcasting
   Level 2.6 Translocations


You had 8 spell levels left.
You didn't know any spells.

Dungeon Overview and Level Annotations

Branches:
Dungeon (3/15)

Altars:
Makhleb
Vehumet
Wu Jian


Innate Abilities, Weirdness & Mutations

You cannot be hasted, slowed, berserked, paralysed or teleported.
You can dig through walls and to a lower floor.
Your four strong arms can wield two-handed weapons with a shield.
((You have a pair of large antennae on your head. (SInv)))


Message History

* * * LOW HITPOINT WARNING * * *
You are lethally poisoned!
The adder poisons you!
You barely miss the adder.
The adder is almost dead.
* * * LOW HITPOINT WARNING * * *
You feel sick. The adder bites you.
* * * LOW HITPOINT WARNING * * *
You are more poisoned.
The adder poisons you!
It was a potion of lignification.
You turn into a tree.
Your +0 leather armour melds into your body.
Your roots penetrate the ground.
* * * LOW HITPOINT WARNING * * *
You feel sick. The adder bites you.
* * * LOW HITPOINT WARNING * * *
It was a potion of magic.
Magic courses through your body.
* * * LOW HITPOINT WARNING * * *
You feel sick. The adder bites you.
You die...

#########
###########.......#
............#####.#
............# #.#
.......♣....# #.#
......S.....# #.#
............# #.#
...?........# #.#
......>#+##.# #.#
..######.##.# #.# .
#.##.# #.#
#.##.#####.#
#.##.....#.#


You could see an adder.

Vanquished Creatures
  Jessica (D:2)
  Robin (D:2)
  A gnoll (D:1)
  An adder (D:2)
  2 oozes (D:1)
  5 leopard geckos
  2 bats
  A giant cockroach (D:2)
  16 goblins
  7 hobgoblins
  10 jackals
  2 ball pythons (D:2)
  2 frilled lizards
  4 kobolds
  7 rats
62 creatures vanquished.

Notes
Turn   | Place    | Note
-------+----------+-------------------------------------------
     0 | D:1      | Gorglomux the Formicid Warper began the quest for the Orb.
     0 | D:1      | Reached XP level 1. HP: 16/16 MP: 3/3
   481 | D:1      | You fall through a shaft!
   684 | D:2      | Noticed Robin
   695 | D:2      | Reached XP level 2. HP: 20/22 MP: 5/5
   736 | D:2      | Killed Robin
   736 | D:2      | Reached skill level 3 in Axes
   736 | D:2      | Reached XP level 3. HP: 20/27 MP: 6/6
   934 | D:2      | Found a burning altar of Makhleb.
   941 | D:2      | Found a radiant altar of Vehumet.
   979 | D:2      | Noticed Jessica
   992 | D:2      | Killed Jessica
   992 | D:2      | Reached skill level 4 in Axes
   992 | D:2      | Reached XP level 4. HP: 30/33 MP: 7/7
  1832 | D:1      | Reached XP level 5. HP: 31/38 MP: 8/8
  2213 | D:2      | Reached skill level 5 in Axes
  2535 | D:2      | Found an ornate altar of the Wu Jian Council.
  3115 | D:3      | HP: 2/57 [poisoned by an adder]
  3115 | D:3      | Slain by an adder

Vault maps used:
D:1:      erik_arrival_gehennom
D:2:      amethyst_overflow_temple_binary, lemuel_crystal_altar,
          kennysheep_generic_room_13, uniq_robin, uniq_jessica
D:3:      kennysheep_decorative_pillar, hangedman_glass_teeth

Skill      XL: |  1  2  3  4  5 |
---------------+----------------+-----
Axes           | 3 4 5 |  5.2
Fighting       | |  2.1
Throwing       | |  1.0
Armour         | |  1.1
Dodging        | |  1.7
Spellcasting   | |  2.1
Translocations | |  2.6

Action                   |  1- 3 |  4- 6 || total
-------------------------+-------+-------++-------
Melee: Hand axe          |    87 |   176 ||   263
 Abil: Dig               |     2 |     2 ||     4
       Shaft Self        |     1 |       ||     1
  Use: Potion            |       |     2 ||     2
  Eat: Chunk             |     1 |     7 ||     8
Armor: Leather armour    |    11 |    46 ||    57
Dodge: Dodged            |    53 |   124 ||   177
